Map: Deathaura LE

Players

Zest - Winner!

  • Race: Protoss Protoss
  • Spawn Location: 11:00

Clem

  • Race: Terran Terran
  • Spawn Location: 5:00

Event: IEM Katowice 2021

VOD

Have the link to the VOD?

Description

Time

  • Played on: Feb. 27, 2021, 1:24 p.m.
  • Length: 12:32

All games in this series

Show
View Real Time Build Order
Export as new Build Order

Zest Protoss - Winner!

Build Orders: 1 Gate Expand, Archon Immortal, Archon Drop, Dark Templar Rush 

Get SALT Encoding   

  12  0:00  Probe  
  13  0:12  Probe  
  14  0:17  Pylon  
  14  0:24  Probe (Chrono Boost)  
  15  0:36  Gateway  
  15  0:37  Probe (Chrono Boost)  
  16  0:44  Probe (Chrono Boost)  
  16  0:46  Assimilator  
  17  0:51  Probe  
  18  1:03  Probe  
  19  1:15  Probe  
  20  1:24  Cybernetics Core  
  20  1:31  Nexus  
  20  1:34  Probe  
  21  1:42  Pylon  
  22  1:47  Probe  
  22  1:53  Assimilator  
  22  1:57  Adept (Chrono Boost)  
  22  1:59  Probe  
  25  2:02  Warp Gate  
  25  2:11  Probe  
  26  2:18  Adept (Chrono Boost)  
  28  2:23  Probe  
  29  2:30  Twilight Council  
  29  2:36  Probe (Chrono Boost)  
  30  2:44  Probe (Chrono Boost)  
  30  2:48  Robotics Facility  
  32  2:53  Probe (Chrono Boost)  
  32  2:54  Probe (Chrono Boost)  
  32  2:57  Stalker (Chrono Boost)  
  35  2:59  Probe x2 (Chrono Boost)  
  37  3:10  Gateway  
  37  3:11  Probe x2  
  39  3:23  Zealot (Chrono Boost), Probe  
  39  3:24  Dark Shrine  
  42  3:41  Warp Prism  
  42  3:50  Probe  
  42  3:51  Probe  
  42  3:54  Gateway  
  44  4:02  Probe  
  45  4:03  Probe  
  45  4:05  Pylon  
  45  4:08  Assimilator  
  46  4:10  Pylon  
  46  4:19  Nexus  
  46  4:23  Probe x2 (Chrono Boost)  
  48  4:28  Shield Battery  
  48  4:35  Probe x2 (Chrono Boost)  
  48  4:37  Dark Templar x2  
  54  4:41  Probe x2 (Chrono Boost)  
  54  4:44  Observer  
  57  4:47  Pylon  
  57  4:49  Probe x2  
  57  4:50  Pylon  
  59  5:02  Probe  
  60  5:07  Probe  
  60  5:11  Dark Templar  
  60  5:12  Zealot, Dark Templar  
  63  5:15  Archon, Assimilator  
  63  5:19  Gateway  
  63  5:21  Forge  
  63  5:22  Gateway  
  63  5:26  Pylon  
  63  5:27  Immortal (Chrono Boost)  
  67  5:37  Blink (Chrono Boost)  
  67  5:40  Probe x2  
  67  5:42  Probe  
  70  5:48  Shield Battery  
  70  5:52  Probe  
  70  5:53  Probe  
  70  5:54  Probe  
  73  5:57  Dark Templar  
  73  6:00  Dark Templar  
  73  6:02  Pylon  
  73  6:04  Archon  
  77  6:05  Probe x2  
  77  6:10  Immortal  
  83  6:13  Probe  
  83  6:16  Photon Cannon  
  83  6:17  Probe x2  
  86  6:20  Assimilator  
  84  6:28  Probe  
  84  6:29  Protoss Ground Weapons Level 1 (Chrono Boost)  
  81  6:34  Stalker x3  
  81  6:39  Pylon  
  87  6:41  Assimilator  
  87  6:44  Probe x2  
  87  6:45  Probe  
  90  6:50  Gateway  
  90  6:52  Gateway  
  90  6:56  Gateway  
  90  6:57  Immortal (Chrono Boost)  
  90  6:58  Pylon  
  90  7:01  Stalker x2  
  96  7:04  Charge (Chrono Boost)  
  96  7:06  Probe x3  
  101  7:10  Pylon  
  101  7:27  Gateway  
  101  7:28  Stalker x2, Gateway  
  105  7:32  Warp Prism (Chrono Boost), Sentry x3  
  113  7:37  Observer  
  113  7:46  Templar Archives  
  113  7:55  Pylon  
  113  7:56  Pylon  
  113  8:00  Photon Cannon  
  113  8:10  Stalker x7, Zealot  
  125  8:26  Stalker x2  
  129  8:27  Protoss Ground Armor Level 1 (Chrono Boost)  
  129  8:28  Photon Cannon  
  129  8:31  Photon Cannon  
  129  8:44  Observer (Chrono Boost)  
  119  8:50  Zealot x10  
  121  9:16  Dark Templar x8  
  137  9:17  Zealot x2  
  137  9:20  Archon  
  137  9:21  Archon x3  
  139  9:43  Zealot x2  
  139  9:44  Immortal  
  145  9:52  Zealot x2, Psionic Storm  
  131  10:00  Zealot x6  
  132  10:13  Zealot x4  
  119  10:21  Zealot  
  119  10:22  Zealot x5  
  115  10:36  Zealot x4  
  119  10:47  Stalker x3  
  119  10:48  Stalker x2  
  119  10:57  High Templar x4  
  119  11:00  Sentry  
  129  11:05  Observer (Chrono Boost)  
  130  11:15  Stalker x2, High Templar x2  
  130  11:16  Stalker  
  140  11:19  Archon  
  140  11:25  Nexus  
  140  11:27  Pylon  
  140  11:36  Observer  
  140  11:39  Zealot  
  143  11:43  High Templar x2  
  143  11:44  Zealot  
  149  11:48  Pylon, Zealot x4  
  149  11:49  Pylon  
  149  11:50  Archon  
  149  11:52  Pylon  
  139  12:03  Archon  
  125  12:11  Zealot x7  
Show
View Real Time Build Order
Export as new Build Order

Clem Terran 

Build Orders:  

Get SALT Encoding   

  12  0:00  SCV  
  13  0:12  SCV  
  14  0:17  Supply Depot  
  14  0:24  SCV  
  15  0:38  SCV  
  15  0:40  Barracks  
  15  0:42  Refinery  
  16  0:50  SCV  
  17  1:02  SCV  
  18  1:14  SCV  
  19  1:26  Marine  
  19  1:27  Orbital Command  
  20  1:43  Command Center  
  20  1:45  Barracks Tech Lab  
  20  1:52  SCV  
  21  1:56  Supply Depot  
  21  2:03  Marauder  
  21  2:04  Concussive Shells  
  23  2:18  SCV  
  23  2:22  Barracks  
  24  2:24  Marauder  
  26  2:30  SCV  
  27  2:42  SCV  
  28  2:45  Marine  
  28  2:51  Stimpack  
  29  2:54  SCV  
  29  2:55  Orbital Command  
  29  2:58  Engineering Bay  
  30  3:03  Marine  
  31  3:06  SCV  
  31  3:09  Barracks Reactor  
  32  3:18  SCV  
  33  3:21  SCV, Marine  
  35  3:30  SCV, Supply Depot  
  35  3:33  SCV  
  37  3:39  Marine  
  37  3:41  Terran Infantry Weapons Level 1  
  37  3:43  Supply Depot  
  37  3:45  SCV  
  37  3:46  Marine  
  37  3:47  SCV, Marine  
  39  3:50  Missile Turret  
  39  3:54  Refinery  
  39  3:57  SCV  
  39  3:59  SCV  
  39  4:01  Marauder  
  41  4:04  Marine x2  
  41  4:05  Refinery  
  41  4:09  SCV  
  44  4:12  SCV, Bunker  
  45  4:18  Factory  
  45  4:21  SCV  
  45  4:22  Marine x2  
  45  4:24  SCV  
  50  4:26  Marauder  
  50  4:29  Supply Depot  
  51  4:34  SCV  
  51  4:36  SCV  
  53  4:39  Combat Shield  
  53  4:40  Marine x2  
  55  4:46  SCV  
  55  4:47  Barracks, Marine  
  55  4:48  SCV  
  58  4:54  Supply Depot, Refinery  
  58  4:58  SCV, Marine  
  58  4:59  Marine, Missile Turret  
  60  5:00  SCV  
  60  5:05  Marine  
  58  5:10  SCV  
  58  5:12  SCV  
  58  5:16  Marine, Factory Reactor  
  58  5:17  Marine  
  58  5:18  Starport  
  60  5:22  SCV  
  60  5:24  SCV  
  60  5:25  Marauder  
  64  5:32  Supply Depot  
  64  5:34  SCV, Marine  
  62  5:36  SCV  
  62  5:40  Marine, Barracks Tech Lab  
  64  5:47  Marauder, Terran Infantry Armor Level 1  
  64  5:48  Supply Depot  
  67  5:52  Marine  
  67  5:58  Marine  
  67  6:00  Marauder  
  67  6:01  Medivac, Factory Reactor  
  72  6:07  Supply Depot  
  72  6:09  Marine  
  73  6:12  SCV  
  73  6:15  Marauder, Command Center, Marine  
  74  6:25  Marauder, SCV x2  
  74  6:29  Marine  
  71  6:33  Medivac x2  
  71  6:35  Marine  
  71  6:37  Marauder  
  71  6:39  Barracks  
  78  6:43  Widow Mine, Barracks  
  78  6:45  Widow Mine  
  82  6:49  Marine  
  82  6:50  Marauder  
  82  6:53  SCV x2  
  82  6:54  Supply Depot  
  87  6:55  Marine  
  87  6:59  Marauder  
  90  7:06  Widow Mine  
  90  7:07  Medivac, Widow Mine  
  96  7:09  Marine, Supply Depot  
  96  7:11  Marauder  
  96  7:13  Marine  
  90  7:20  Marauder  
  90  7:22  Medivac  
  94  7:23  SCV  
  94  7:25  SCV  
  94  7:27  Marine  
  94  7:28  Barracks Reactor  
  97  7:31  Marine, Barracks Tech Lab  
  97  7:32  Widow Mine x2  
  97  7:33  Marauder  
  97  7:35  SCV  
  105  7:39  SCV, Supply Depot  
  106  7:45  Marine  
  106  7:46  Medivac  
  106  7:47  SCV, Marauder  
  106  7:50  Orbital Command  
  112  7:53  Widow Mine  
  112  7:56  SCV, Missile Turret  
  115  7:59  Marine  
  115  8:01  Marauder  
  115  8:02  Marauder  
  119  8:06  Marine  
  119  8:09  Marauder  
  119  8:11  Marine x2  
  124  8:13  SCV x2  
  124  8:17  Marine  
  124  8:18  SCV  
  128  8:22  Marauder  
  128  8:23  Widow Mine  
  128  8:25  Medivac, SCV  
  128  8:26  Medivac, Marine  
  136  8:31  Supply Depot  
  136  8:34  Marine x2  
  136  8:35  Marauder, SCV  
  136  8:38  Marine  
  136  8:40  Widow Mine  
  140  8:44  SCV  
  140  8:48  Marauder, Marine  
  140  8:49  Marauder  
  140  8:52  Marine  
  140  8:55  Medivac, Marine  
  123  8:56  Widow Mine, Marauder  
  123  9:00  Armory  
  124  9:03  Marine  
  124  9:09  Medivac, Widow Mine, Marine, Marauder  
  125  9:10  Marauder  
  125  9:15  Marine x2  
  129  9:18  Marauder  
  129  9:20  Widow Mine  
  129  9:23  Marine  
  134  9:29  Marine  
  134  9:30  Marauder  
  136  9:32  Marauder  
  136  9:34  Marine x2  
  138  9:39  Marauder, Widow Mine  
  138  9:41  Command Center  
  138  9:42  Supply Depot  
  138  9:45  Supply Depot  
  142  9:48  Marine x2  
  142  9:52  Marauder, Marine, Widow Mine  
  147  9:55  Medivac x2  
  147  9:57  Marine  
  147  9:58  Marauder  
  137  10:00  Marauder  
  137  10:04  Widow Mine  
  138  10:10  Marine x2  
  138  10:13  Marauder, Widow Mine  
  138  10:14  Marine  
  132  10:19  Marauder  
  132  10:20  Marine  
  128  10:22  Marauder  
  128  10:25  Widow Mine  
  128  10:28  Liberator x2  
  125  10:29  SCV  
  125  10:33  Marine x2  
  125  10:35  Marauder, Widow Mine  
  119  10:39  Marine x2  
  119  10:41  Marauder  
  101  10:43  Marauder, Orbital Command  
  95  10:51  Marine  
  95  10:52  Widow Mine  
  95  10:55  Marine  
  95  10:56  Marauder  
  100  11:00  SCV x2  
  100  11:02  Marauder  
  100  11:04  Marine x2  
  104  11:05  Marauder  
  104  11:09  SCV  
  109  11:12  SCV x2  
  109  11:16  Marine x2  
  109  11:17  Marauder  
  115  11:21  SCV  
  115  11:22  Marine  
  115  11:23  Marine  
  115  11:24  Marauder, SCV x2  
  122  11:28  Marauder  
  124  11:33  SCV  
  124  11:34  Marine x2  
  124  11:35  Widow Mine x2  
  124  11:36  SCV x2  
  133  11:41  Marauder  
  133  11:42  Marine x2  
  133  11:44  Marine  
  133  11:46  SCV  
  138  11:48  SCV, Marine  
  138  11:53  SCV, Supply Depot  
  141  11:54  Marine x2  
  127  12:02  Marine x2  
  127  12:03  Marauder x2  
  127  12:07  Marauder  
  103  12:12  Marine x2  

Tags
 
Add a new tag
Caveats
  • Supply blocks, unpowered buildings, or Contaminate may cause inaccurate times.
  • Supply counts are checked every 10 seconds.